 Dungeon Crawl Stone Soup version 0.31-a0-542-gdc2a678 (webtiles) character file.

Game seed: 10442947759067007509

1521046 Wizard1ke the Warlock (level 27, 207/207 HPs)
             Began as a Human Ice Elementalist on Aug 13, 2023.
             Was a High Priest of Vehumet.
             Escaped with the Orb
             ... and 3 runes on Aug 14, 2023!
             The game lasted 03:09:19 (87102 turns).

Wizard1ke the Warlock (Human Ice Elementalist)     Turns: 87102, Time: 03:09:19

Health: 207/207    AC: 18    Str: 15    XL:     27
Magic:  40/40      EV: 10    Int: 33    God:    Vehumet [*****.]
Gold:   3186       SH: 14    Dex: 17    Spells: 15/50 levels left

rFire   + + +        r - staff of fire
rCold   + + +        E - +2 shield of Resistance {rF++ rC++ Will++}
rNeg    . . .        Z - +3 faerie dragon scales {rPois rC++ rCorr Clar}
rPois   +            M - +2 helmet {SInv}
rElec   +            K - scarf {rC+ rF+}
rCorr   +            F - +2 pair of gloves "Nenoum" {Harm Will+++ Str-2 Dex+3}
SInv    +            j - +2 pair of boots
Will    +++++        o - amulet of magic regeneration
Stlth   +            d - ring of the Scarab {Wiz rElec rC- SInv}
HPRegen 0.54/turn    R - ring "Ded Zips" {Str+6 Int+6}
MPRegen 0.67/turn

%: harm (+30% outgoing, +20% incoming), clarity, wizardry (x1)
@: studying 2 skills
A: no striking features
0: Orb of Zot
}: 3/15 runes: decaying, serpentine, slimy
a: Renounce Religion


You escaped.
You worshipped Vehumet.
Vehumet was extremely pleased with you.
You visited 13 branches of the dungeon, and saw 56 of its levels.
You visited 1 bazaar.
You also visited: Sewer, Bailey and Ice Cave.

You collected 7093 gold pieces.
You spent 3907 gold pieces at shops.

Inventory:

Missiles
 Y - 17 curare-tipped darts
Armour
 a - a +2 pair of gloves
 j - a +2 pair of boots (worn)
 u - a +2 robe of willpower
 E - the +2 shield of Resistance (worn) {rF++ rC++ Will++}
   (You bought it in a shop on level 3 of the Snake Pit)

   rF++:      It greatly protects you from fire.
   rC++:      It greatly protects you from cold.
   Will++:    It greatly increases your willpower.
 F - the +2 pair of gloves "Nenoum" (worn) {Harm Will+++ Str-2 Dex+3}
   (You found it on level 4 of the Realm of Zot)

   Str-2:     It affects your strength (-2).
   Dex+3:     It affects your dexterity (+3).
   Will+++:   It greatly increases your willpower.
   Harm:      It increases damage dealt and taken.
 K - a scarf of resistance (worn)
 M - a +2 helmet of see invisible (worn)
 Z - the +3 faerie dragon scales (worn) {rPois rC++ rCorr Clar}
   (You took it off the Enchantress on level 3 of the Depths)

   rC++:      It greatly protects you from cold.
   rPois:     It protects you from poison Clar: It protects you from confusion,
   rage, mesmerisation and fear.
   rCorr:     It protects you from acid and corrosion.
Magical Staves
 r - a staff of fire (weapon)
 x - a staff of air
Jewellery
 c - a ring of flight
 d - the ring of the Scarab (left hand) {Wiz rElec rC- SInv}
   (You found it on level 10 of the Dungeon)

   [ring of wizardry]

   Wiz:       It improves your spell success rate.
   rC-:       It makes you vulnerable to cold.
   rElec:     It insulates you from electricity.
   SInv:      It lets you see invisible.
 h - a +6 ring of intelligence
 l - a ring of positive energy
 o - an amulet of magic regeneration (around neck)
 N - the amulet "Giumenoff" {Reflect rElec Dex+8 SH+5 Stlth+}
   (You found it on level 5 of the Lair of Beasts)

   [amulet of reflection]

   Reflect:   It reflects blocked missile attacks.
   Dex+8:     It affects your dexterity (+8).
   rElec:     It insulates you from electricity.
   SH+5:      It affects your SH (+5).
   Stlth+:    It makes you more stealthy.
 P - the ring "Wuow" {rPois EV+5 Str+3}
   (You took it off a balrug on level 1 of the Depths)

   [ring of evasion]

   EV+5:      It affects your evasion (+5).
   Str+3:     It affects your strength (+3).
   rPois:     It protects you from poison
 R - the ring "Ded Zips" (right hand) {Str+6 Int+6}
   (You found it on level 2 of the Vaults)

   [ring of intelligence]

   Str+6:     It affects your strength (+6).
   Int+6:     It affects your intelligence (+6).
 U - an amulet of faith
Wands
 s - a wand of light (32)
 z - a wand of mindburst (61)
 I - a wand of polymorph (17)
 T - a wand of roots (31)
 V - a wand of digging (23)
 X - a wand of charming (92)
Scrolls
 f - 11 scrolls of immolation
 g - 12 scrolls of blinking
 k - 13 scrolls of vulnerability
 n - 4 scrolls of fear
 p - 2 scrolls of amnesia
 v - 14 scrolls of poison
 y - 3 scrolls of revelation
 A - 5 scrolls of butterflies
 B - 8 scrolls of fog
 O - 4 scrolls of silence {!r}
 W - 18 scrolls of teleportation
Potions
 b - 4 potions of magic
 e - 10 potions of cancellation
 i - 3 potions of ambrosia
 m - 9 potions of brilliance
 q - 23 potions of curing
 w - 9 potions of enlightenment
 C - 4 potions of lignification
 D - 18 potions of mutation
 G - 2 potions of invisibility
 H - 10 potions of haste
 J - 6 potions of attraction
 L - 10 potions of heal wounds
 Q - 6 potions of resistance
Miscellaneous
 t - a phial of floods
 S - a lightning rod (4/4)


   Skills:
 - Level 15.0 Fighting
 - Level 2.0 Dodging
 - Level 2.0 Stealth
 - Level 10.0 Shields
 - Level 12.0 Spellcasting
 - Level 24.2 Conjurations
 - Level 5.0 Translocations
 - Level 5.3 Transmutations
 - Level 25.0 Fire Magic
 - Level 4.0 Ice Magic
 - Level 10.0 Air Magic
 - Level 4.0 Earth Magic
 + Level 26.0 Invocations
 - Level 5.0 Evocations


You had 15 spell levels left.
You knew the following spells:

 Your Spells              Type           Power      Damage    Failure   Level
b - Fire Storm            Conj/Fire      67%        8d17      3%          9
d - Iskenderun's Mystic   Conj/Tloc      86%        2d17      1%          4
f - Passwall              Tmut/Erth      41%        N/A       1%          2
g - Orb of Destruction    Conj           55%        9d14      1%          7
h - Irradiate             Conj/Tmut      43%        3d26      1%          5
j - Plasma Beam           Fire/Air       58%        2x1d73    1%          6
k - Blink                 Tloc           100%       N/A       1%          2

Your spell library contained the following spells:

 Spells                   Type           Power      Damage    Failure   Level
 Foxfire                  Conj/Fire      100%       2x1d9     0%          1
 Magic Dart               Conj           100%       1d8       0%          1
 Shock                    Conj/Air       100%       1d9       0%          1
 Searing Ray              Conj           100%       2d8       0%          2
 Static Discharge         Conj/Air       100%       2-7/arc   0%          2
 Sticky Flame             Conj/Fire      100%       2d11      0%          4
 Iskenderun's Battlesphe  Conj           100%       2d15      0%          5
 Apportation              Tloc           100%       N/A       1%          1
 Freeze                   Ice            100%       1d10      1%          1
 Kiss of Death            Conj/Necr      100%       2d13      1%          1
 Sandblast                Erth           92%        2d19      1%          1
 Sting                    Tmut/Pois      100%       1d8       1%          1
 Ensorcelled Hibernation  Hex/Ice        66%        N/A       1%          2
 Lesser Beckoning         Tloc           100%       N/A       1%          2
 Momentum Strike          Conj/Tloc      100%       3d10      1%          2
 Poisonous Vapours        Pois/Air       100%       N/A       1%          2
 Wereblood                Tmut           53%        N/A       1%          2
 Frozen Ramparts          Ice            92%        1d14      1%          3
 Gell's Gravitas          Tloc           52%        N/A       1%          3
 Hailstorm                Conj/Ice       85%        3d17      1%          3
 Ignite Poison            Fire/Tmut/Pois 92%        N/A       1%          3
 Inner Flame              Hex/Fire       100%       N/A       1%          3
 Ozocubu's Armour         Ice            46%        N/A       1%          3
 Stone Arrow              Conj/Erth      100%       3d13      1%          3
 Swiftness                Air            72%        N/A       1%          3
 Teleport Other           Tloc           52%        N/A       1%          3
 Vhi's Electric Charge    Tloc/Air       100%       N/A       1%          3
 Volatile Blastmotes      Fire/Tloc      100%       2d18      1%          3
 Airstrike                Air            36%        2d(6-22)  1%          4
 Fulminant Prism          Conj/Hex       39%        3d17      1%          4
 Arcjolt                  Conj/Air       46%        1d56      1%          5
 Leda's Unmaking          Conj/Erth      42%        9d7       1%          6
 Starburst                Conj/Fire      67%        6d17      1%          6
 Ignition                 Fire           67%        3d18      1%          8
 Necrotise                Necr           76%        1d7       3%          1
 Slow                     Hex            76%        N/A       3%          1
 Summon Small Mammal      Summ           76%        N/A       3%          1
 Portal Projectile        Hex/Tloc       72%        N/A       3%          3
 Sublimation of Blood     Necr           19%        N/A       4%          2
 Passage of Golubria      Tloc           52%        N/A       4%          4
 Petrify                  Tmut/Erth      50%        N/A       4%          4
 Lee's Rapid Deconstruct  Erth           23%        3d13*     4%          5
 Spellforged Servitor     Conj/Summ      39%        N/A       5%          7
 Yara's Violent Unravell  Hex/Tmut       18%        3d9       8%          5
 Call Canine Familiar     Summ           19%        N/A       9%          3
 Confusing Touch          Hex            19%        N/A       9%          3
 Summon Guardian Golem    Hex/Summ       19%        N/A       9%          3
 Tukima's Dance           Hex            19%        N/A       9%          3
 Vampiric Draining        Necr           19%        2d7       9%          3
 Olgreb's Toxic Radiance  Pois           19%        N/A       9%          4
 Leda's Liquefaction      Hex/Erth       16%        N/A       13%         4
 Summon Ice Beast         Ice/Summ       33%        N/A       13%         4
 Lehudib's Crystal Spear  Conj/Erth      42%        10d10     16%         8
 Alistair's Intoxication  Tmut/Pois      24%        N/A       26%         5
 Animate Dead             Necr           19%        N/A       28%         4
 Dispel Undead            Necr           19%        3d11      28%         4
 Borgnjor's Vile Clutch   Necr/Erth      16%        N/A       32%         5
 Metabolic Englaciation   Hex/Ice        16%        N/A       32%         5
 Eringya's Noxious Bog    Tmut/Pois      18%        4d6       34%         6
 Dispersal                Tloc           26%        N/A       47%         6
 Maxwell's Capacitive Co  Air            36%        ∞         56%         8
 Agony                    Necr           19%        N/A       58%         5
 Ozocubu's Refrigeration  Ice            23%        4d12      69%         7
 Simulacrum               Ice/Necr       16%        N/A       86%         6
 Enfeeble                 Hex            9%         N/A       100%        7
 Haunt                    Necr/Summ      9%         N/A       100%        7
 Discord                  Hex            9%         N/A       100%        8
 Infestation              Necr           9%         N/A       100%        8
 Death's Door             Necr           9%         N/A       100%        9
 Polar Vortex             Ice            23%        12d3*     100%        9


Dungeon Overview and Level Annotations

Branches:
Dungeon (15/15)            Temple (0/1) D:5            Lair (5/5) D:11
  Swamp (4/4) Lair:3        Snake (4/4) Lair:3        Slime (5/5) Lair:5
    Orc (2/2) D:11            Elf (3/3) Orc:2        Vaults (4/5) D:14
  Crypt (3/3) Vaults:2       Tomb (1/3) Crypt:3      Depths (4/4) D:15
   Hell (visited)             Zot (5/5) Depths:4      Sewer (visited)
 Bailey (visited)           IceCv (visited)
    Dis: Hell:1         Geh: Hell:1         Coc: Hell:1         Tar: Hell:1

Altars:
Ashenzari
Cheibriados
Elyvilon
Hepliaklqana
Kikubaaqudgha
Makhleb
Nemelex Xobeh
Okawaru
Qazlal
Ru
Sif Muna
Vehumet
Xom
Yredelemnul
Zin
Lugonu

Shops:
D:10 (   D:11 [   Orc:1 (   Orc:2 [![(   Elf:1 !=*?   Elf:2 ([[(   Snake:1 ?
Snake:3 [   Vaults:1 (   Vaults:2 ?   Vaults:3 !

Portals:
Hell: Depths:1 Depths:2 Depths:4
Abyss: Depths:1 Depths:4
Pandemonium: Depths:2 Depths:3
Ziggurat: Depths:2
Trove: Depths:1 (give +4 fire dragon scales)

Annotations:
D:15 1 runed translucent door, exclusion: door, Nopny's ghost, adept FoHu
Lair:2 2 transporters
Lair:5 1 runed translucent door, exclusion: door, cowcow's ghost, journeyman DrCj
Snake:3 1 transporter, 1 runed translucent door, exclusion: door, Wizard1ke's ghost, journeyman DgSh
Snake:4 5 transporters
Elf:2 3 runed translucent doors, exclusion: 3 doors
Vaults:3 2 transporters, 3 runed translucent doors, exclusions: 3 doors and obsidian statue, Mischaklue's ghost, adept GrFE
Vaults:5 !vaults warning
Crypt:1 1 runed translucent door, exclusion: door, MinotaursOnly's ghost, veteran MiSu
Crypt:2 3 runed translucent doors, exclusion: 3 doors, Haneca's ghost, veteran FoFi
Zot:3 4 transporters


Message History

There is an open door here.
There is an open door here.
There is a stone staircase leading up here.
You climb upwards.
There is a stone staircase leading down here.
There is an open door here.
There is an open door here.
You see here a +0 dagger of draining.
There is a stone staircase leading up here.
You climb upwards.
There is a stone staircase leading down here.
There is a stone staircase leading up here.
You climb upwards.
There is a stone staircase leading down here.
Things that are here:
a +0 club; a +0 sling
There is a stone staircase leading up here.
There is a stone staircase leading up here.
You climb upwards.
There is a stone staircase leading down here.
There is a staircase leading out of the dungeon here.
Really put on
U - an amulet of faith?
You start removing your amulet.
You continue taking off your amulet of magic regeneration. x4
You finish taking off your amulet of magic regeneration.
You start putting on your amulet.
You continue putting on your amulet of faith. x5
You finish putting on your amulet of faith.
You feel a surge of divine interest.
U - an amulet of faith (around neck) Really remove
U - an amulet of faith?
You start removing your amulet.
You continue taking off your amulet of faith. x4
You finish taking off your amulet of faith.
Vehumet seems less interested in you.
You feel less pious.
You start putting on your amulet.
You continue putting on your amulet of magic regeneration. x5
You finish putting on your amulet of magic regeneration.
o - an amulet of magic regeneration (around neck)
You have escaped!

.#...###.##.#.#...#.# #.#.
.........##.#.#...#.# #...
.#...##.#.#.#.#...#.# ###.
.##....###..#.#...#.# #.
...(....#.#.#.#...#.# ##.
#...........#.#...#.# #..
.....##..#..#.#...#.# #..
......#....##.#...#.## #..
..........##.##.@.##.## #.#
........###.##.....##.## #..
........##.##..8.>..##.########.#
......###.##.........##.##...##.#
.....###.##.....#.....##.#......#
........##.....###.....##..#.#..#
.......##.....##.##.....##......#
#####..#.....##.#.##.....#.#.#..#
#.......##.###.##........)...


There were no monsters in sight!

Vanquished Creatures
  A pandemonium lord (Zot:5)
  the Royal Jelly (Slime:5)
  Khufu (Crypt:3)
  8 ancient liches
  2 orbs of fire (Zot:5)
  8 dread liches
  Mennas (Crypt:1)
  The ghost of Olul the Conqueror, a legendary MiFi of Okawaru (Zot:4)
  A juggernaut (Depths:4)
  Josephina (Crypt:3)
  Vv (Crypt:1)
  Frederick (Crypt:1)
  3 Killer Klowns (Zot:5)
  Saint Roka (Vaults:2)
  Xtahua (Crypt:1)
  Geryon (Hell)
  A curse toe (Zot:4)
  Jory (Crypt:1)
  9 golden dragons
  the Enchantress (Depths:3)
  2 bone dragons
  A profane servitor (Crypt:3)
  2 electric golems (Zot:5)
  14 tentacled monstrosities
  Jorgrun (D:13)
  3 liches
  Asterion (Vaults:1)
  28 Orb Guardians
  5 quicksilver dragons
  Murray (Hell)
  10 sphinxes
  2 deep elf blademasters (Elf:3)
  2 deep elf master archers (Elf:3)
  16 acid blobs
  Gastronok (Orc:1)
  9 death cobs
  2 ancient champions
  7 storm dragons
  A tengu reaver (Depths:4)
  9 shadow dragons
  Donald (Swamp:2)
  3 draconian monks
  8 nagarajas
  15 azure jellies
  6 rockslimes
  2 fire giants
  4 revenants
  6 frost giants
  A balrug (Depths:1)
  7 vault wardens
  2 draconian knights
  3 deep elf sorcerers
  A juggernaut zombie (Crypt:1)
  5 draconian scorchers
  4 deep elf elementalists (Elf:3)
  4 draconian annihilators
  3 spriggan defenders (Depths:3)
  2 curse skulls
  3 ghost moths
  6 ghouls
  A draconian stormcaller (Depths:4)
  7 reapers
  10 very ugly things
  9 quicksilver oozes
  12 ironbound thunderhulks
  6 draconian shifters
  2 war gargoyles
  Nessos (Lair:5)
  6 green draconians
  8 stone giants
  15 ironbound preservers
  2 formless jellyfish
  4 deep elf demonologists (Elf:3)
  7 vampire knights
  12 black draconians
  2 deep elf annihilators
  7 white draconians
  8 yellow draconians
  6 bunyips
  5 eleionomae
  7 red draconians
  Azrael (Orc:2)
  A lorocyproca (Hell)
  2 spark wasps
  2 dire elephants
  2 blizzard demons
  12 purple draconians
  5 deep elf death magi
  7 eidola
  2 mummy priests (Crypt:3)
  3 deep elf high priests
  A merfolk impaler (Depths:4)
  An entropy weaver (shapeshifter) (D:15)
  7 fire dragons
  2 green deaths (Swamp:4)
  An iron golem (Hell)
  7 ettins
  An entropy weaver (Vaults:3)
  3 yaktaur captains
  18 jiangshi
  17 hydras
  14 great orbs of eyes
  2 hell beasts
  2 caustic shrike simulacra
  2 vault guards
  4 rakshasas
  4 spriggan air magi (Depths:3)
  7 ice dragons
  A quicksilver dragon skeleton (Depths:1)
  2 catoblepae
  6 ghost crabs
  A merfolk avatar (Lair:5)
  5 anacondas
  4 boulder beetles
  A fenstrider witch skeleton (Crypt:1)
  3 ogre magi (Depths:1)
  5 death knights
  A titan zombie (Crypt:1)
  5 two-headed ogres
  10 naga warriors
  10 centaur warriors
  8 ironbound frosthearts
  5 alligators
  19 death yaks
  6 tengu warriors
  10 vampire magi
  7 deep troll shamans
  An orc high priest (Elf:1)
  A demonic crawler (Depths:2)
  A thrashing horror (Swamp:4)
  4 death scarabs (Tomb:1)
  24 hell hogs
  12 naga sharpshooters
  12 dancing weapons
  9 deep elf knights
  5 deep troll earth magi
  18 shock serpents
  Sonja (D:12)
  A titan skeleton (Crypt:1)
  A storm dragon zombie (Hell)
  6 hell knights
  9 sun demons
  6 shadow wraiths (Crypt:3)
  12 iron trolls
  8 spriggan berserkers
  6 soul eaters
  A storm dragon skeleton (Depths:1)
  A sixfirhy (Depths:3)
  18 skeletal warriors
  2 spark wasp zombies (Hell)
  7 goliath frogs
  3 spriggan druids
  A bunyip zombie (Crypt:3)
  3 naga ritualists
  A death drake (Swamp:2)
  An obsidian statue (Zot:3)
  2 salamander mystics
  11 lindwurms
  49 deep trolls
  An orb spider (Zot:1)
  3 flayed ghosts (Crypt:3)
  A ghost moth zombie (Crypt:1)
  11 sea snakes
  A shadow demon (Depths:3)
  A steelbarb worm (shapeshifter) (D:10)
  12 swamp dragons
  14 bog bodies
  A shadow dragon zombie (Crypt:3)
  4 glowing orange brains
  4 phantasmal warriors
  11 deep elf archers
  11 necromancers
  3 harpies
  13 ironbound convokers
  4 orc knights
  2 anaconda skeletons (Crypt:1)
  22 deep elf pyromancers
  10 mana vipers
  7 wizards
  3 oklob plants (Zot:3)
  22 deep elf zephyrmancers
  2 frost giant zombies (Hell)
  An iron dragon zombie (Hell)
  A faun (Depths:1)
  3 orc sorcerers
  7 shining eyes
  20 ugly things
  5 salamanders
  2 human zombies (Vaults:2)
  6 cyclopes
  A centaur zombie (Hell)
  27 moths of wrath
  7 manticores
  A dire elephant zombie (Crypt:1)
  2 stone giant zombies (Hell)
  4 fire giant zombies
  A naga zombie (Crypt:3)
  6 guardian serpents
  10 vault sentinels
  A rust devil (Hell)
  A torpor snail (Lair:3)
  18 naga magi
  4 eyes of devastation
  33 black mambas
  3 ice statues
  5 orange demons
  7 smoke demons
  4 elephants (Lair:4)
  3 molten gargoyles (Hell)
  3 gargoyles
  5 centaur skeletons
  3 rime drakes
  A titan simulacrum (Tomb:1)
  12 cane toads
  2 dire elephant skeletons
  3 unseen horrors
  A naga skeleton (Crypt:1)
  17 yaktaurs
  13 komodo dragons
  A kobold demonologist (D:10)
  A tormentor (Zot:5)
  A yaktaur zombie (Vaults:2)
  2 efreet
  A green draconian skeleton (Crypt:2)
  7 freezing wraiths
  6 tengu conjurers
  6 ice devils
  10 trolls
  A queen bee (shapeshifter) (Elf:3)
  2 bloated husks (Swamp:4)
  7 guardian mummies
  3 red devils
  13 polar bears
  3 harpy zombies
  A wind drake (Lair:5)
  2 tarantellas
  12 hornets
  10 tyrant leeches
  8 blink frogs (Lair:5)
  A dream sheep (shapeshifter) (Elf:2)
  2 iron dragon simulacra (Crypt:3)
  A tarantella zombie (Crypt:1)
  Prince Ribbit (D:6)
  2 spriggan zombies (Hell)
  5 raiju
  103 slime creatures
  An ettin skeleton (Crypt:1)
  47 flying skulls
  A black mamba zombie (Crypt:1)
  9 wyverns
  A centaur simulacrum (D:15)
  45 yaks
  3 jumping spiders (Zot:1)
  2 shadows (Crypt:3)
  A slime creature zombie (Crypt:2)
  7 fire elementals
  11 water elementals
  2 ynoxinuls
  9 spriggans
  12 wraiths
  5 golden eyes
  3 humans (Elf:2)
  3 air elementals
  8 basilisks
  6 steam dragons
  2 redbacks (Vaults:3)
  4 large abominations
  24 vampire mosquitoes
  Menkaure (D:7)
  9 swamp worms
  32 nagas
  A warg (Orc:1)
  A fire bat zombie (Crypt:1)
  A harpy simulacrum (Depths:1)
  2 hydra simulacra (Depths:1)
  4 acid dragons
  7 water moccasins
  8 hell hounds
  A snapping turtle zombie (Crypt:2)
  A black bear (Lair:2)
  A fire dragon simulacrum (Hell)
  2 ice beasts
  41 orc warriors
  2 sky beasts
  A blink frog zombie (Crypt:2)
  7 ogres
  A wolf (shapeshifter) (D:14)
  22 wolves
  A human skeleton (Vaults:2)
  16 centaurs
  A lindwurm skeleton (Crypt:1)
  A phantom (D:7)
  3 kobold brigands
  7 small abominations
  9 bullfrogs
  3 scorpions
  3 gnoll sergeants
  8 necrophages
  2 earth elementals (Elf:2)
  2 glowing shapeshifter simulacra (Depths:1)
  A scorpion (shapeshifter) (D:15)
  3 wights (D:9)
  22 killer bees
  An elephant simulacrum (Depths:1)
  5 howler monkeys
  4 electric eels (D:7)
  A shapeshifter skeleton (Crypt:1)
  3 hounds
  5 iguanas
  11 orc priests
  A jelly (D:7)
  A gnoll bouda (D:10)
  2 sleepcaps
  Ijyb (D:3)
  17 orc wizards
  3 hell rats (D:11)
  7 lightning spires
  2 troll simulacra (Depths:1)
  4 mummies (Tomb:1)
  5 adders
  18 gnolls
  A naga simulacrum (Depths:1)
  2 shadow imps (D:8)
  3 white imps
  4 ufetubi
  103 orcs
  4 bats
  A bat zombie (Crypt:2)
  8 endoplasms
  7 giant cockroaches
  9 goblins
  3 hobgoblins
  A jackal (Sewer)
  19 kobolds
  2 quokkas
  6 ball pythons
  6 frilled lizards
  A giant cockroach zombie (Crypt:2)
  9 rats
  A ball lightning (Depths:1)
2193 creatures vanquished.

Vanquished Creatures (collateral kills)
  An acid blob (Slime:1)
  A sphinx (Depths:2)
  2 death cobs (Zot:3)
  A storm dragon (Zot:5)
  A draconian knight (Zot:1)
  A ghoul (Crypt:1)
  A formless jellyfish (Slime:5)
  A deep elf demonologist (Elf:3)
  A green draconian (Zot:4)
  A deep elf annihilator (Elf:3)
  A purple draconian (Zot:2)
  A spriggan air mage (Depths:3)
  An iron troll (Depths:3)
  A necromancer (Hell)
  A tengu skeleton (Depths:1)
  A fire giant zombie (Hell)
  A centaur skeleton (Hell)
  An ice devil (Hell)
  A troll (D:10)
  2 guardian mummies (Crypt:3)
  3 slime creatures
  A water elemental (Depths:4)
  2 flying skulls (Crypt:3)
  2 black mamba zombies
  A black mamba simulacrum (Depths:1)
  A naga simulacrum (Crypt:3)
  A small abomination (Crypt:3)
  2 mummies (Tomb:1)
35 creatures vanquished.

Vanquished Creatures (others)
  Nikola (Swamp:3)
  A caustic shrike simulacrum (Crypt:3)
  A sea snake (Snake:4)
  A fire elemental (Elf:1)
  A swamp worm (Swamp:4)
  An orc priest (Orc:2)
  An orc (Orc:2)
  A ball lightning (Depths:1)
  577 fire vortices
585 creatures vanquished.

Grand Total: 2813 creatures vanquished

Notes
Turn   | Place    | Note
-------+----------+-------------------------------------------
     0 | D:1      | Wizard1ke the Human Ice Elementalist began the quest for
                  | the Orb.
     0 | D:1      | Reached XP level 1. HP: 13/13 MP: 3/3
   188 | D:1      | Reached XP level 2. HP: 19/19 MP: 3/5
   351 | D:1      | Reached skill level 1 in Translocations
   431 | D:1      | Reached skill level 1 in Conjurations
   762 | D:1      | Found a faded altar of an unknown god.
  1101 | D:2      | Reached XP level 3. HP: 19/24 MP: 2/6
  1174 | D:2      | Learned a level 3 spell: Frozen Ramparts
  2185 | D:3      | Noticed Ijyb
  2211 | D:3      | Killed Ijyb
  2212 | D:3      | Reached XP level 4. HP: 11/30 MP: 2/8
  2320 | D:3      | Noticed an angel
  2321 | D:3      | Found a shimmering altar of Xom.
  2323 | D:3      | Found a glowing silver altar of Zin.
  2400 | D:3      | Found a sacrificial altar of Ru.
  2556 | D:3      | Found a radiant altar of Vehumet.
  2650 | D:3      | Learned a level 4 spell: Iskenderun's Mystic Blast
  2833 | D:3      | Reached XP level 5. HP: 35/35 MP: 5/9
  3432 | D:4      | Reached XP level 6. HP: 34/41 MP: 7/11
  3505 | D:4      | Found a glowing drain.
  3522 | Sewer    | Entered a sewer
  3625 | Sewer    | Reached XP level 7. HP: 35/46 MP: 8/13
  3667 | Sewer    | Learned a level 3 spell: Ozocubu's Armour
  3671 | Sewer    | Learned a level 3 spell: Stone Arrow
  3724 | Sewer    | Found a white marble altar of Elyvilon.
  3835 | D:3      | Became a worshipper of Vehumet
  5009 | D:5      | Entered Level 5 of the Dungeon
  5029 | D:5      | Found an iron altar of Okawaru.
  5029 | D:5      | Found a broken altar of Ashenzari.
  5083 | D:5      | Found a staircase to the Ecumenical Temple.
  5445 | D:5      | You fall into a shaft and drop 3 floors!
  5570 | D:8      | Found a flagged portal.
  5571 | D:8      | Reached * piety under Vehumet
  5571 | D:8      | Offered knowledge of Foxfire by Vehumet.
  5657 | Bailey   | Entered a bailey
  5833 | Bailey   | Reached XP level 8. HP: 32/52 MP: 11/15
  6195 | Bailey   | Reached skill level 5 in Spellcasting
  6534 | D:8      | Reached skill level 5 in Conjurations
  6534 | D:8      | Reached skill level 5 in Translocations
  6785 | D:8      | Reached ** piety under Vehumet
  6785 | D:8      | Offered knowledge of Poisonous Vapours by Vehumet.
  6973 | D:8      | Found a shimmering blue altar of Sif Muna.
  7027 | D:8      | Reached XP level 9. HP: 57/57 MP: 10/18
  7099 | D:7      | Noticed Menkaure
  7102 | D:7      | Killed Menkaure
  7103 | D:7      | Reached skill level 1 in Earth Magic
  7274 | D:7      | Noticed a raiju
  7282 | D:7      | Killed a raiju
  7285 | D:7      | Noticed a raiju
  8384 | D:6      | Learned a level 2 spell: Passwall
  8903 | D:6      | Reached XP level 10. HP: 63/63 MP: 13/21
  9083 | D:7      | Noticed Prince Ribbit
  9092 | D:6      | Killed Prince Ribbit
 10546 | D:8      | Offered knowledge of Dazzling Flash by Vehumet.
 10761 | D:8      | Reached skill level 1 in Evocations
 10802 | D:8      | Found a snail-covered altar of Cheibriados.
 10802 | D:8      | Found a white marble altar of Elyvilon.
 11219 | D:9      | Reached *** piety under Vehumet
 11640 | D:9      | Found a sparkling altar of Nemelex Xobeh.
 11893 | D:10     | Entered Level 10 of the Dungeon
 12265 | D:10     | Reached XP level 11. HP: 68/68 MP: 14/24
 12285 | D:9      | Offered knowledge of Hailstorm by Vehumet.
 12290 | D:9      | Learned a level 3 spell: Hailstorm
 12559 | D:10     | Reached skill level 10 in Conjurations
 12702 | D:10     | Noticed a harpy
 12702 | D:10     | Noticed a centaur warrior
 12708 | D:10     | Killed a centaur warrior
 12708 | D:10     | Killed a harpy
 12708 | D:10     | Noticed a cyclops
 12709 | D:10     | Reached skill level 10 in Spellcasting
 12709 | D:10     | Reached skill level 5 in Evocations
 12710 | D:10     | Noticed a centaur warrior
 12797 | D:10     | Noticed a centaur warrior
 12914 | D:10     | Killed a centaur warrior
 13195 | D:10     | Noticed a centaur warrior
 13214 | D:10     | Killed a centaur warrior
 13322 | D:10     | Identified the ring of the Scarab {Wiz rElec rC- SInv}
 13355 | D:10     | Killed a cyclops
 13355 | D:10     | Reached **** piety under Vehumet
 13455 | D:10     | Killed a centaur warrior
 13456 | D:10     | Reached XP level 12. HP: 55/74 MP: 22/27
 13733 | D:10     | Noticed an eight-headed hydra
 13797 | D:9      | Learned a level 6 spell: Starburst
 13839 | D:10     | Found Durph's Hydra Hut.
 14017 | D:10     | Noticed a seven-headed hydra
 14042 | D:10     | Reached skill level 1 in Fighting
 14115 | D:10     | Noticed a boulder beetle
 14120 | D:10     | Offered knowledge of Lee's Rapid Deconstruction by Vehumet.
 14162 | D:10     | Learned a level 5 spell: Lee's Rapid Deconstruction
 14179 | D:10     | Killed a boulder beetle
 14369 | D:10     | Noticed a centaur warrior
 14379 | D:10     | Killed a centaur warrior
 14484 | D:10     | Reached skill level 5 in Fighting
 14484 | D:10     | Reached skill level 1 in Fire Magic
 14577 | D:10     | Noticed a two-headed ogre
 14583 | D:10     | Killed a two-headed ogre
 14979 | D:11     | Noticed a boulder beetle
 14987 | D:11     | Killed a boulder beetle
 15010 | D:10     | Reached skill level 5 in Fire Magic
 15164 | D:11     | Found a staircase to the Orcish Mines.
 15165 | D:11     | Found Teloust's Armour Boutique.
 15197 | D:10     | Killed an eight-headed hydra
 15358 | D:11     | Bought a +2 leather armour of cold resistance for 247 gold
                  | pieces
 15464 | D:11     | Found a staircase to the Lair.
 15464 | D:11     | Noticed a death yak
 15699 | D:11     | Reached XP level 13. HP: 83/91 MP: 13/29
 15728 | D:10     | Learned a level 6 spell: Plasma Beam
 15827 | D:11     | Reached ***** piety under Vehumet
 15888 | D:11     | Offered knowledge of Yara's Violent Unravelling by Vehumet.
 16118 | D:11     | Reached skill level 1 in Air Magic
 16423 | D:11     | Noticed a centaur warrior
 16426 | D:11     | Killed a centaur warrior
 16965 | D:11     | Reached skill level 5 in Air Magic
 17117 | D:11     | Noticed a rakshasa
 17131 | D:11     | Killed a rakshasa
 17306 | Lair:1   | Entered Level 1 of the Lair of Beasts
 17817 | Lair:1   | Reached skill level 10 in Fire Magic
 19059 | Lair:2   | Found a transporter.
 19102 | Lair:2   | You fall into a shaft and drop 1 floor!
 19120 | Lair:3   | Noticed a catoblepas
 19123 | Lair:3   | Killed a catoblepas
 19406 | Lair:3   | Found a frozen archway.
 19565 | IceCv    | Entered an ice cave
 19651 | IceCv    | Reached XP level 14. HP: 98/98 MP: 20/30
 20036 | IceCv    | Offered knowledge of Freezing Cloud by Vehumet.
 20468 | IceCv    | Reached skill level 10 in Air Magic
 21156 | IceCv    | Identified the +3 quarterstaff "Widowmaker" {freeze, rPois
                  | rC- Dex+6 SInv}
 21345 | IceCv    | Identified the staff of Disintegration {rElec rPois rC+
                  | Tloc Poison}
 21350 | IceCv    | Noticed a frost giant
 21355 | IceCv    | Killed a frost giant
 22113 | Lair:2   | Found a transporter.
 22692 | Lair:3   | Found a staircase to the Swamp.
 22725 | Lair:3   | Found a staircase to the Snake Pit.
 23971 | Lair:4   | Reached skill level 10 in Fighting
 24524 | Lair:5   | Entered Level 5 of the Lair of Beasts
 24633 | Lair:5   | Reached XP level 15. HP: 117/117 MP: 14/31
 25827 | Lair:5   | Offered knowledge of Ozocubu's Refrigeration by Vehumet.
 26442 | Lair:5   | Noticed Nessos
 26446 | Lair:5   | Killed Nessos
 26712 | Lair:5   | Identified the +9 trident of Dithmenos, Hurling {spect,
                  | Str+3 Int+6}
 26722 | Lair:5   | Identified the amulet "Giumenoff" {Reflect rElec Dex+8 SH+5
                  | Stlth+}
 26981 | Lair:5   | Found a runed translucent door.
 26982 | Lair:5   | Identified the +8 spear "Zeosehown" {drain, rC+ rCorr}
 26983 | Lair:5   | Noticed cowcow's ghost (journeyman DrCj)
 26987 | Lair:5   | Identified the ring "Dogonowom" {rF+ rC+ rN++ Will- Str+3}
 27200 | Lair:5   | Found a staircase to the Slime Pits.
 28059 | D:12     | Noticed Sonja
 28063 | D:12     | Killed Sonja
 28465 | D:12     | Learned a level 2 spell: Blink
 28488 | D:12     | Learned a level 5 spell: Irradiate
 29006 | D:13     | Noticed Jorgrun
 29014 | D:13     | Killed Jorgrun
 29238 | D:13     | Offered knowledge of Fireball by Vehumet.
 29241 | D:13     | Reached XP level 16. HP: 127/127 MP: 25/32
 29677 | D:13     | Found a hazy altar of Hepliaklqana.
 29873 | D:13     | Got the Cyclopedia of the Metamorphic Congregation
 30207 | D:14     | Found a snail-covered altar of Cheibriados.
 31088 | D:14     | Found a gate to the Vaults.
 31160 | D:15     | Entered Level 15 of the Dungeon
 31164 | D:15     | Reached skill level 1 in Shields
 31562 | D:15     | Reached skill level 15 in Fire Magic
 32160 | D:15     | Reached skill level 5 in Shields
 32316 | D:15     | Noticed Nopny's ghost (adept FoHu)
 32328 | D:15     | Found a runed translucent door.
 32992 | D:15     | Reached ****** piety under Vehumet
 33178 | D:15     | Offered knowledge of Orb of Destruction by Vehumet.
 33233 | D:15     | Learned a level 7 spell: Orb of Destruction
 33394 | D:15     | Found a staircase to the Depths.
 33605 | Orc:1    | Entered Level 1 of the Orcish Mines
 33605 | Orc:1    | Found a burning altar of Makhleb.
 33606 | Orc:1    | Found Soji Teu's Weapon Boutique.
 33699 | Orc:2    | Entered Level 2 of the Orcish Mines
 33699 | Orc:2    | Found a staircase to the Elven Halls.
 33702 | Orc:2    | Noticed Azrael
 33704 | Orc:2    | Killed Azrael
 35029 | Orc:2    | Paralysed by an orc sorcerer for 5 turns
 35291 | Orc:2    | Offered knowledge of Leda's Unmaking by Vehumet.
 36164 | Orc:2    | Found Tijeasm's Antique Armour Boutique.
 36164 | Orc:2    | Found Gutimp's Distillery.
 36166 | Orc:2    | Found Fiarepnu's Antique Armour Emporium.
 36168 | Orc:2    | Found Hyitirhi's Weapon Shop.
 36781 | Orc:1    | Noticed Gastronok
 36783 | Orc:1    | Killed Gastronok
 37030 | Orc:2    | Bought a potion of mutation for 112 gold pieces
 37030 | Orc:2    | Bought a potion of haste for 140 gold pieces
 37030 | Orc:2    | Bought 2 potions of resistance for 280 gold pieces
 37030 | Orc:2    | Bought a potion of brilliance for 56 gold pieces
 37177 | Snake:1  | Entered Level 1 of the Snake Pit
 37188 | Snake:1  | Reached XP level 17. HP: 136/136 MP: 26/33
 37608 | Snake:1  | Reached skill level 1 in Transmutations
 37786 | Snake:1  | Offered knowledge of Maxwell's Capacitive Coupling by
                  | Vehumet.
 38842 | Snake:1  | Found Paudois's Magic Scroll Shoppe.
 38845 | Snake:1  | Bought a scroll of poison for 60 gold pieces
 38845 | Snake:1  | Bought a scroll of teleportation for 45 gold pieces
 38845 | Snake:1  | Bought a scroll of vulnerability for 60 gold pieces
 38845 | Snake:1  | Bought a scroll of identify for 30 gold pieces
 38845 | Snake:1  | Bought a scroll of identify for 30 gold pieces
 38845 | Snake:1  | Bought a scroll of identify for 30 gold pieces
 38850 | Snake:1  | Reached XP level 18. HP: 145/145 MP: 34/34
 38851 | Snake:1  | Reached skill level 5 in Transmutations
 38851 | Snake:1  | Reached XP level 19. HP: 152/152 MP: 35/35
 40534 | Snake:3  | Found Veseupho's Armour Boutique.
 40539 | Snake:3  | Bought the +2 shield of Resistance {rF++ rC++ Will++} for
                  | 916 gold pieces
 40539 | Snake:3  | Found the +2 shield of Resistance {rF++ rC++ Will++}
 41080 | Snake:3  | Reached skill level 15 in Fighting
 41691 | Snake:3  | Found a radiant altar of Vehumet.
 41695 | Snake:3  | Found a transporter.
 41942 | Snake:3  | Found a runed translucent door.
 42200 | Snake:3  | Found a shimmering altar of Xom.
 42200 | Snake:3  | Identified the +3 great sword of the Unliving {chaos, rElec
                  | rC++ Int+3}
 42200 | Snake:3  | Noticed Wizard1ke's ghost (journeyman DgSh)
 42732 | Snake:4  | Entered Level 4 of the Snake Pit
 42732 | Snake:4  | Found a stormy altar of Qazlal.
 42877 | Snake:4  | Offered knowledge of Lehudib's Crystal Spear by Vehumet.
 42877 | Snake:4  | Offered knowledge of Fire Storm by Vehumet.
 42877 | Snake:4  | Offered knowledge of Polar Vortex by Vehumet.
 43108 | Snake:4  | Reached XP level 20. HP: 162/162 MP: 3/36
 44047 | Snake:4  | Found a transporter.
 44055 | Snake:4  | Found a transporter.
 44279 | Snake:4  | Found a transporter.
 44281 | Snake:4  | Found a transporter.
 44537 | Snake:4  | Found a transporter.
 44537 | Snake:4  | Found a transporter.
 45372 | Snake:4  | Got a serpentine rune of Zot
 45699 | Swamp:1  | Entered Level 1 of the Swamp
 47006 | Swamp:2  | Noticed Donald
 47009 | Swamp:2  | Killed Donald
 47341 | Swamp:3  | Noticed Nikola
 47345 | Swamp:3  | Killed Nikola
 48628 | Swamp:4  | Entered Level 4 of the Swamp
 48843 | Swamp:4  | Identified the +3 trident of Extinguishment {antimagic,
                  | rElec rC- rN+ Stlth+}
 49132 | Swamp:4  | Reached XP level 21. HP: 168/168 MP: 27/37
 50472 | Swamp:4  | Identified the +1 pair of gloves of the Kraken {-Cast
                  | Will++ Dex+2}
 50714 | Swamp:4  | Reached skill level 15 in Conjurations
 50864 | Swamp:4  | Got a decaying rune of Zot
 51205 | Vaults:1 | Entered Level 1 of the Vaults
 51263 | Vaults:1 | Noticed Asterion
 51266 | Vaults:1 | Killed Asterion
 51335 | Vaults:1 | Learned a level 9 spell: Fire Storm
 52658 | Vaults:1 | Found Pozoel's Antique Weapon Shop.
 53578 | Vaults:2 | Got the Meditations on Charms and Injury
 54005 | Vaults:2 | Noticed Saint Roka
 54009 | Vaults:2 | Killed Saint Roka
 54010 | Vaults:2 | Reached XP level 22. HP: 161/175 MP: 18/38
 54170 | Vaults:2 | Identified the ring "Ded Zips" {Str+6 Int+6}
 54823 | Vaults:2 | Identified the +6 arbalest of Disorder {elec, rF+ SInv}
 55274 | Vaults:2 | Found Douq's Magic Scroll Shop.
 55282 | Vaults:2 | Bought a scroll of immolation for 56 gold pieces
 55282 | Vaults:2 | Bought a scroll of teleportation for 42 gold pieces
 55282 | Vaults:2 | Bought a scroll of teleportation for 42 gold pieces
 55282 | Vaults:2 | Bought a scroll of fog for 56 gold pieces
 55282 | Vaults:2 | Bought a scroll of revelation for 105 gold pieces
 55282 | Vaults:2 | Bought a scroll of enchant armour for 105 gold pieces
 55811 | Vaults:2 | Found a staircase to the Crypt.
 57971 | Vaults:3 | Found a runed translucent gate.
 57971 | Vaults:3 | Found a runed translucent gate.
 57971 | Vaults:3 | Found a runed translucent gate.
 58093 | Vaults:3 | Found Qicseduach's Distillery.
 58101 | Vaults:3 | Bought a potion of brilliance for 52 gold pieces
 58101 | Vaults:3 | Bought a potion of heal wounds for 65 gold pieces
 58286 | Vaults:3 | Found a transporter.
 58300 | Vaults:3 | Found a transporter.
 58825 | Vaults:3 | Found a runed translucent gate.
 58825 | Vaults:3 | Found a runed translucent gate.
 58828 | Vaults:3 | Noticed Mischaklue's ghost (adept GrFE)
 58831 | Vaults:3 | Found a runed translucent gate.
 60154 | Vaults:4 | Reached XP level 23. HP: 181/181 MP: 6/39
 61034 | Elf:1    | Entered Level 1 of the Elven Halls
 61260 | Elf:1    | Found a shimmering blue altar of Sif Muna.
 62286 | Elf:1    | Got the Anthology of Energy
 62303 | Elf:1    | Found Haococz Qiaf's Distillery.
 62311 | Elf:1    | Bought a potion of cancellation for 144 gold pieces
 62311 | Elf:1    | Bought a potion of mutation for 144 gold pieces
 62311 | Elf:1    | Bought a potion of cancellation for 144 gold pieces
 62311 | Elf:1    | Bought a potion of brilliance for 72 gold pieces
 62311 | Elf:1    | Bought a potion of mutation for 144 gold pieces
 62318 | Elf:1    | Found Iryck's Jewellery Shop.
 62318 | Elf:1    | Found Efrok's General Store.
 62320 | Elf:1    | Found Yweibef's Magic Scroll Shop.
 62419 | Elf:1    | You fall into a shaft and drop 1 floor!
 62501 | Elf:2    | Found Cyxudwur's Armour Boutique.
 62706 | Elf:2    | Found a flickering gateway to a bazaar.
 62717 | Bazaar   | Entered a bazaar
 62734 | Bazaar   | Found Sorerom's Armour Shop.
 62762 | Bazaar   | Found Cedas's Antique Armour Shop.
 62782 | Bazaar   | Found Xeinum's Assorted Antiques.
 62791 | Bazaar   | Found Roaduas's Magic Scroll Shop.
 62819 | Bazaar   | Found Igesag's Jewellery Shop.
 62894 | Bazaar   | Bought a potion of haste for 250 gold pieces
 63242 | Elf:2    | Found Uguivy Beta's Armour Emporium.
 63402 | Elf:2    | Found a runed translucent gate.
 63402 | Elf:2    | Found a runed translucent gate.
 63402 | Elf:2    | Found a runed translucent gate.
 63560 | Elf:2    | Found Mafryok's Antique Weapon Shoppe.
 63625 | Elf:2    | Found Mifotu's Antique Weapon Emporium.
 63732 | Elf:3    | Entered Level 3 of the Elven Halls
 63764 | Elf:3    | Paralysed by an air elemental for 1 turns
 65206 | Elf:3    | Identified the ring "Qoedoocs" {rC+ AC+4}
 65223 | Elf:3    | Identified the +2 robe of Qaocowk {Regen+ Int+3}
 65231 | Elf:3    | Identified the ring "Neiwal" {rPois rF+ Str-4 Stlth+}
 65750 | Elf:3    | Identified the +7 short sword of Rusch {antimagic, Dex+2}
                  | (You took it off a deep elf demonologist on level 3 of the
                  | Elven Halls)
 65751 | Elf:3    | Identified the ring of Gouf {rF+ SInv}
 66300 | Elf:3    | Identified the staff of Stickiness {rC+ Str+2 Ice}
 66607 | Depths:1 | Entered Level 1 of the Depths
 66801 | Depths:1 | Found a white marble altar of Elyvilon.
 67039 | Depths:1 | Got the Tome of Sinister Ceremonies
 67448 | Elf:1    | Bought an amulet of magic regeneration for 480 gold pieces
 67724 | Depths:1 | Found a portal to a secret trove of treasure.
 67787 | Depths:1 | Found a corrupted altar of Lugonu.
 67789 | Depths:1 | Found a one-way gate to the infinite horrors of the Abyss.
 67795 | Depths:1 | Got Lugonu's Monograph on Force
 67822 | Depths:1 | Reached XP level 24. HP: 188/188 MP: 39/39
 67886 | Depths:1 | Got the Reference Book on the Lungs
 68076 | Depths:1 | Got the Notes on the Blizzard
 68208 | Depths:1 | Identified the +10 demon whip "Wizard1ke's Peril" {freeze,
                  | *Rage Str+6 Dex+3}
 68208 | Depths:1 | Identified the ring "Wuow" {rPois EV+5 Str+3}
 68408 | Depths:1 | Found a gateway to Hell.
 68529 | Depths:1 | Got the Parchment of Ensorcelling
 69062 | Depths:2 | Found a one-way gate leading to the halls of Pandemonium.
 69203 | Depths:2 | Found a one-way gateway to a ziggurat.
 70311 | Depths:4 | Entered Level 4 of the Depths
 70432 | Depths:4 | Noticed a juggernaut
 70437 | Depths:4 | Killed a juggernaut
 71153 | Depths:4 | Found a gate to the Realm of Zot.
 71225 | Depths:4 | Noticed a golden dragon
 71227 | Depths:4 | Killed a golden dragon
 71294 | Depths:4 | Reached XP level 25. HP: 194/194 MP: 32/39
 71836 | Depths:3 | Noticed the Enchantress
 71838 | Depths:3 | Killed the Enchantress
 72311 | Slime:1  | Entered Level 1 of the Pits of Slime
 73173 | Slime:5  | Entered Level 5 of the Pits of Slime
 73269 | Slime:5  | Noticed the Royal Jelly
 73274 | Slime:5  | Killed the Royal Jelly
 73675 | Slime:5  | Reached skill level 10 in Shields
 73707 | Slime:5  | Identified the ring of Qomm {Contam rF++ EV+5}
 73711 | Slime:5  | Got a slimy rune of Zot
 73715 | Slime:5  | Identified the +1 leather armour "Paow" {Dex+2}
 73813 | Slime:5  | Identified the +4 glaive of Buklisch {elec, Str+3}
 74223 | Slime:5  | Found the +5 Storm Queen's Shield {shock, Fly rElec}
 74239 | Slime:5  | Identified the +5 ring mail of New Discoveries {Harm rElec
                  | Will- Str-5}
 74242 | Slime:5  | Identified the ring of Laismaick {rPois rC+++ Will- EV+5
                  | Dex+4}
 74766 | Zot:1    | Entered Level 1 of the Realm of Zot
 74916 | Zot:1    | Reached skill level 1 in Invocations
 74998 | Zot:1    | Reached skill level 2 in Invocations
 75024 | Zot:1    | Reached skill level 3 in Invocations
 75218 | Zot:1    | Reached XP level 26. HP: 201/201 MP: 39/39
 75476 | Zot:1    | Reached skill level 4 in Invocations
 76039 | Zot:2    | Reached skill level 5 in Invocations
 76408 | Zot:2    | Reached skill level 6 in Invocations
 76507 | Zot:2    | Reached skill level 7 in Invocations
 77080 | Zot:2    | Reached skill level 8 in Invocations
 77200 | Zot:3    | Reached skill level 9 in Invocations
 77397 | Zot:3    | Found a transporter.
 77419 | Zot:3    | Found a transporter.
 77493 | Zot:3    | Found a transporter.
 77950 | Zot:3    | Found a transporter.
 77997 | Zot:4    | Noticed a curse toe
 78002 | Zot:4    | Killed a curse toe
 78207 | Zot:4    | Reached skill level 10 in Invocations
 78690 | Zot:4    | Reached skill level 11 in Invocations
 78918 | Zot:4    | Reached XP level 27. HP: 207/207 MP: 4/39
 78994 | Zot:4    | Noticed an ancient lich
 78995 | Zot:4    | Found a runed translucent gate.
 78995 | Zot:4    | Noticed a dread lich
 78996 | Zot:4    | Found a runed translucent gate.
 78996 | Zot:4    | Found an ancient bone altar of Kikubaaqudgha.
 78996 | Zot:4    | Noticed a dread lich
 78996 | Zot:4    | Noticed Olul's ghost (legendary MiFi)
 78996 | Zot:4    | Noticed an ancient lich
 78997 | Zot:4    | Found a runed translucent gate.
 79224 | Zot:4    | Killed a dread lich
 79225 | Zot:4    | Reached skill level 12 in Invocations
 79267 | Zot:4    | Killed an ancient lich
 79446 | Zot:4    | Killed Olul's ghost
 79616 | Zot:4    | Killed a dread lich
 79659 | Zot:4    | Killed an ancient lich
 79660 | Zot:4    | Reached skill level 13 in Invocations
 79696 | Zot:4    | Identified the ring "Beyhous" {rPois Dex+6}
 79702 | Zot:4    | Identified the +2 pair of gloves "Nenoum" {Harm Will+++
                  | Str-2 Dex+3}
 79740 | Zot:5    | Entered Level 5 of the Realm of Zot
 80088 | Zot:5    | Reached skill level 14 in Invocations
 80162 | Zot:5    | Noticed an ancient lich
 80164 | Zot:5    | Killed an ancient lich
 80167 | Zot:5    | Noticed a dread lich
 80169 | Zot:5    | Killed a dread lich
 80169 | Zot:5    | Noticed an orb of fire
 80170 | Zot:5    | Reached skill level 15 in Invocations
 80172 | Zot:5    | Killed an orb of fire
 80175 | Zot:5    | Noticed a Killer Klown
 80177 | Zot:5    | Killed a Killer Klown
 80177 | Zot:5    | Killed an ancient lich
 80177 | Zot:5    | Killed a dread lich
 80177 | Zot:5    | Noticed a dread lich
 80178 | Zot:5    | Reached skill level 16 in Invocations
 80178 | Zot:5    | Killed a dread lich
 80179 | Zot:5    | Noticed a Killer Klown
 80180 | Zot:5    | Killed a Killer Klown
 80182 | Zot:5    | Noticed a dread lich
 80183 | Zot:5    | Killed a dread lich
 80188 | Zot:5    | Reached skill level 17 in Invocations
 80349 | Zot:5    | Noticed a dread lich
 80351 | Zot:5    | Killed a dread lich
 80352 | Zot:5    | Noticed an ancient lich
 80354 | Zot:5    | Killed an ancient lich
 80355 | Zot:5    | Reached skill level 18 in Invocations
 80359 | Zot:5    | Noticed a Killer Klown
 80359 | Zot:5    | Noticed an ancient lich
 80360 | Zot:5    | Killed a Killer Klown
 80361 | Zot:5    | Killed an ancient lich
 80361 | Zot:5    | Killed an ancient lich
 80362 | Zot:5    | Noticed an ancient lich
 80364 | Zot:5    | Killed an ancient lich
 80365 | Zot:5    | Reached skill level 19 in Invocations
 80365 | Zot:5    | Noticed an orb of fire
 80367 | Zot:5    | Killed an orb of fire
 80997 | Crypt:1  | Entered Level 1 of the Crypt
 81020 | Crypt:1  | Killed Mennas
 81022 | Crypt:1  | Reached skill level 20 in Invocations
 81310 | Crypt:1  | Noticed Jory
 81316 | Crypt:1  | Killed Jory
 81429 | Crypt:1  | Noticed Vv
 81434 | Crypt:1  | Killed Frederick
 81436 | Crypt:1  | Killed Vv
 81469 | Crypt:1  | Noticed Xtahua
 81470 | Crypt:1  | Identified the +6 falchion "Transmigrator" {drain, Int+3}
 81477 | Crypt:1  | Killed Xtahua
 81534 | Crypt:1  | Reached skill level 21 in Invocations
 81798 | Crypt:1  | Noticed MinotaursOnly's ghost (veteran MiSu)
 81806 | Crypt:1  | Found a runed translucent door.
 82809 | Crypt:2  | Found a runed translucent gate.
 82809 | Crypt:2  | Found a runed translucent gate.
 82810 | Crypt:2  | Found a runed translucent gate.
 82816 | Crypt:2  | Noticed Haneca's ghost (veteran FoFi)
 83091 | Crypt:3  | Entered Level 3 of the Crypt
 83164 | Crypt:3  | Reached skill level 22 in Invocations
 83468 | Crypt:3  | Found a basalt altar of Yredelemnul.
 83468 | Crypt:3  | Identified the ring "Wonnown" {Ice rElec rN+ Str+3 Dex-4}
 83468 | Crypt:3  | Noticed Josephina
 83471 | Crypt:3  | Killed Josephina
 84149 | Crypt:3  | Reached skill level 23 in Invocations
 84423 | Crypt:3  | Noticed Khufu
 84426 | Crypt:3  | Killed Khufu
 84874 | Crypt:3  | Found a staircase to the Tomb.
 84897 | Tomb:1   | Entered Level 1 of the Tomb of the Ancients
 85031 | Tomb:1   | Reached skill level 24 in Invocations
 85692 | Hell     | Entered the Vestibule of Hell
 85693 | Hell     | Noticed Geryon
 85753 | Hell     | Noticed Murray
 85756 | Hell     | Killed Murray
 85871 | Hell     | Noticed a dread lich
 85905 | Hell     | Killed a dread lich
 85925 | Hell     | Killed Geryon
 85926 | Hell     | Reached skill level 25 in Invocations
 86510 | Zot:5    | Got the Orb of Zot
 86530 | Zot:5    | Noticed Domem the pandemonium lord
 86533 | Zot:5    | Killed Domem the pandemonium lord
 86694 | Depths:4 | Reached skill level 26 in Invocations
 87102 | D:$      | Escaped with the Orb!

Illustrated notes

Levels and vault maps discovered:
D:1:      psy_arrival_spokes, layout_loops_ring,
          dilly_ecumenical_altar_fadedgnrine
D:2:      layout_basic, serial_curves, eino_curves_02, eino_curves_04,
          grunt_ministairs_13, minmay_misc_feat_roman, kennysheep_generic_room_8
D:3:      layout_basic, grunt_temple_overflow_order_and_chaos_1,
          mainiacjoe_overflow_six_doors_small, general_overflow_altar,
          minmay_liquid_box, chequers_mini_garden, uniq_ijyb
D:4:      layout_gridville, gup_sewer_entry_pipe
D:5:      layout_basic, gammafunk_temple_overflow_pools,
          minmay_temple_entry_hall
D:6:      layout_cave_pods
D:7:      layout_basic, serial_glass, glass_columns_c, glass_columns_a,
          nicolae_have_a_lightning_rod, uniq_prince_ribbit1, uniq_menkaure
D:8:      layout_loops_cross, gammafunk_temple_overflow_statue,
          lemuel_crystal_altar, enter_bailey_3
D:9:      layout_basic, nemelex_altar_shiori
D:10:     nzn_winding_woodlands_large [nzn_winding_woodlands_5x5_perimeter,
          nzn_winding_woodlands_5x15_garden, nzn_winding_woodlands_5x5_three,
          nzn_winding_woodlands_center_garden,
          nzn_winding_woodlands_15x15_five_gardens,
          nzn_winding_woodlands_center_diamonds,
          nzn_winding_woodlands_5x5_closed_star, nzn_winding_woodlands_5x15_eye,
          nzn_winding_woodlands_5x5_default], layout_rooms,
          kennysheep_decorative_pillar, chequers_garden, doesnt_shop_hydraphobe
D:11:     layout_layer_cave, dpeg_lair_monsters, orc_david_3, minmay_evil_grid
D:12:     layout_cross, uniq_sonja
D:13:     layout_roguey, worldfamousw_hep_ancestral_shrine, uniq_jorgrun
D:14:     layout_loops_cross, david_vaults_4, cheibriados_altar_1
D:15:     grunt_enter_depths_magical_seal, layout_long_grid,
          hellmonk_ghost_happy_afterlife, serial_bayou_shore_b, special_room
          [special_room_orc], grunt_ministairs_10
Lair:1:   layout_regular_city, serial_bayou_pond_e
Lair:2:   gammafunk_cloud_chamber, layout_long_grid
Lair:3:   layout_cellular_growth, swamp_mist_pool, dummy_snake_entry,
          portal_ice_cave_entry_pillars_1
Lair:4:   layout_cellular_growth, infiniplex_staircase_pool_2
Lair:5:   gammafunk_lair_ancient_temple, layout_regular_city, slime_entry_1,
          ebering_ghost_funeral_grove, nicolae_lair_lindhole,
          infiniplex_staircase_pool, uniq_nessos
Swamp:1:  layout_falls_marsh, evilmike_swamp_ruin_house_1, swamp_pool1
Swamp:2:  layout_falls_marsh, evilmike_swamp_ruin_house_2, uniq_donald
Swamp:3:  layout_falls_marsh, nicolae_swamp_tree_isthmus, swamp_pool5,
          uniq_nikola
Swamp:4:  swamp_vile, layout_basic_swamp
Snake:1:  layout_onion, serial_shops, nicolae_shop_rolled_up
Snake:2:  layout_honeycomb
Snake:3:  gammafunk_sealed_library, layout_layer_cave, ebering_ghost_xom,
          serial_shops, shop, nicolae_snake_springs
Snake:4:  grunt_snake_rune_pools, layout_gridlike, basic_altar, st_stairs_2,
          serial_nicolae_subway, nicolae_sub_station_crystal,
          nicolae_sub_station_stone, nicolae_sub_station_metal,
          serial_bayou_shore_b
Slime:1:  layout_caves
Slime:2:  layout_caves
Slime:3:  layout_caves
Slime:4:  layout_caves, nicolae_slime_crime_time
Slime:5:  slime_pit_nicolae_block_by_block
Orc:1:    layout_caves, serial_shops, shop, bloody_makhleb, uniq_gastronok
Orc:2:    st_orc_rangers, layout_caves, uniq_azrael
Elf:1:    nicolae_elf_arrival_no_cutting_in_line, layout_loops_ring,
          serial_shops, shop, basic_altar, minmay_elf_annihilation,
          nicolae_wooded_promenade
Elf:2:    elven_hall_of_blades_hangedman_original
          [nicolae_blade_entry_crossed_weapons], layout_onion_city,
          serial_shops, bzr_entry_customers, shop, shop,
          nicolae_shop_rolling_square, shop, serial_sigils,
          serial_sigils_hangedman_scar, serial_sigils_hangedman_carve,
          serial_sigils_hangedman_snap
Elf:3:    elf_hall_gauntlet_wide, layout_loops_corners
Vaults:1: v_rooms_3, v_misc_28, grunt_vaults_trifunnel,
          nicolae_vaults_network_quincunx
          [nicolae_vaults_network_quincunx_subvault,
          nicolae_vaults_network_quincunx_subvault,
          nicolae_vaults_network_quincunx_subvault,
          nicolae_vaults_network_quincunx_subvault,
          nicolae_vaults_network_quincunx_subvault],
          nicolae_vaults_more_shelving_1, v_misc_2, vaults_room_stairs_pillars,
          nicolae_vaults_big_angled_halls, nicolae_vaults_storage_room_statues,
          nicolae_vaults_asterisk, st_more_cells,
          nicolae_vaults_little_squares_1, layout_vaults_maze_snakey,
          serial_shops, shop, uniq_asterion
Vaults:2: nicolae_vaults_little_squares_5, hangedman_vaults_impose,
          st_octagons_1, nicolae_vaults_tangram_1,
          nicolae_vaults_network_periphery, vaults_dpeg_hooks,
          minmay_crypt_entry_simple_plaza, ontoclasm_vaults_hangar,
          vaults_room_grid, nicolae_vaults_yaktaur_gun_rack, vaults_room_pools,
          layout_vaults_omnigrid, serial_shops, shop, uniq_saint_roka
Vaults:3: ploomutoo_gammafunk_ghost_potion_laboratory,
          nicolae_vaults_tetromino_L_2, v_alt_pattern_5,
          vaults_standard_mumra_lines, nicolae_vaults_circle_grid_b,
          gammafunk_sealed_arena, v_misc_23, hangedman_vaults_nails,
          vaults_room_pool, nicolae_vaults_tetromino_T_2,
          nicolae_vaults_mini_display_case, layout_vaults_omnibox, serial_shops,
          nicolae_shop_statue_plus
Vaults:4: nicolae_vaults_ring_of_whatevers, vaults_room_stairs_pillars,
          nicolae_vaults_little_squares_5, dpeg_vaults_monster_row,
          hangedman_vaults_unwind, v_misc_28, nicolae_vaults_diamond_2,
          grunt_vaults_focal, v_rooms_6, vaults_mumra_lcd,
          nicolae_vaults_apartment_2, nicolae_vaults_double_plus_2,
          vaults_room_fancy_cross, vaults_room_pool, layout_vaults_big_cross
Crypt:1:  layout_gridlike, hellmonk_ghost_big_iron, grunt_crypt_arrival_split,
          grunt_megastairs_3, uniq_jory, uniq_mennas, uniq_vv, uniq_frederick,
          uniq_xtahua
Crypt:2:  layout_gridlike, ebering_ghost_rock_garden
Crypt:3:  grunt_crypt_end_deaths_head, uniq_josephina
Tomb:1
Depths:1: layout_forbidden_donut, enter_trove_0, serial_hangedman_research,
          hangedman_research_thanatology, hangedman_research_probablistics,
          hangedman_research_electronics, hangedman_research_thermodynamics,
          abyss_entry, lemuel_crystal_altar, hellmouth_2,
          minmay_stone_trees_small, tgw_lugonu_bribe
Depths:2: dreamdust_cat_pyramid, layout_basic, enter_ziggurat_d, pan_entry,
          grunt_hell_entry_dis_grunt, corexii_corridor_pit,
          nicolae_lava_and_water, minmay_staircase_statues
Depths:3: pf_snail_temple, layout_twisted_cross, hangedman_abyss_entry_splay,
          hell_entry, hangedman_abyss_or_decor_lesser_grid,
          rand_demon_pan_entry_7, uniq_enchantress
Depths:4: evilmike_zot_entry_round, layout_basic, hell_entry, abyss_entry,
          minmay_tree_intersection
Hell
Zot:1:    layout_twisted_circle, hangedman_spider_trapstep, grunt_megastairs_2
Zot:2:    layout_misc_corridors, grunt_ministairs_13
Zot:3:    evilmike_crystal_ball_defense, layout_misc_corridors,
          nicolae_transporter_intersection
Zot:4:    layout_cellular_growth, gammafunk_ghost_crypt
Zot:5:    layout_onion, grunt_ministairs_14

Skill      XL: |  1  2  3  4  5  6  7  8  9 10 11 12 13 14 15 16 17 18 19 20 21 22 23 24 25 26 27 |
---------------+----------------------------------------------------------------------------------+-----
Translocations | 1 2 3 4 5 |  5.0
Conjurations   | 1 2 3 4 6 7 9 10 11 14 16 18 20 21 23 24 | 24.2
Spellcasting   | 3 4 6 7 9 11 12 | 12.0
Earth Magic    | 4 |  4.0
Evocations     | 3 5 |  5.0
Fighting       | 5 10 12 13 14 15 | 15.0
Fire Magic     | 7 10 13 15 16 17 19 21 22 23 24 25 | 25.0
Air Magic      | 8 10 | 10.0
Shields        | 5 10 | 10.0
Transmutations | 4 5 |  5.3
Invocations    | 3 11 26 | 26.0
Dodging        | |  2.0
Stealth        | |  2.0
Ice Magic      | |  4.0

Action                     |  1- 3 |  4- 6 |  7- 9 | 10-12 | 13-15 | 16-18 | 19-21 | 22-24 | 25-27 || total
---------------------------+-------+-------+-------+-------+-------+-------+-------+-------+-------++-------
  Melee: Dagger            |    12 |    76 |    17 |       |       |       |       |       |       ||   105
         Punch             |       |       |     2 |       |       |       |       |       |       ||     2
         Staff             |       |       |       |     1 |       |    13 |     2 |    14 |    14 ||    44
   Cast: Freeze            |    44 |       |       |       |       |       |       |       |       ||    44
         Frozen Ramparts   |     5 |    13 |     9 |     4 |     1 |       |       |       |       ||    32
         Stone Arrow       |       |       |   102 |   230 |    18 |       |       |       |       ||   350
         Ozocubu's Armour  |       |       |     5 |    16 |     1 |       |       |       |       ||    22
         Iskenderun's Myst |       |       |     2 |     6 |       |       |       |       |       ||     8
         Starburst         |       |       |       |     4 |     1 |       |       |       |       ||     5
         Plasma Beam       |       |       |       |       |   313 |   263 |   520 |   294 |    15 ||  1405
         Irradiate         |       |       |       |       |     1 |    13 |    15 |    15 |     4 ||    48
         Blink             |       |       |       |       |       |     5 |       |     3 |     6 ||    14
         Orb of Destructio |       |       |       |       |       |       |     1 |    13 |       ||    14
         Fire Storm        |       |       |       |       |       |       |       |   198 |   626 ||   824
  Evoke: Wand              |       |       |    10 |     9 |     1 |       |    12 |       |     2 ||    34
         Lightning rod     |       |       |       |    11 |     4 |     3 |    11 |    15 |     2 ||    46
    Use: Scroll            |       |       |     3 |    10 |     7 |    12 |     4 |     9 |     4 ||    49
         Potion            |       |       |     1 |     4 |     4 |     2 |     2 |     1 |    16 ||    30
   Stab: Sleeping          |     1 |     2 |       |       |       |       |       |       |       ||     3
 Armour: Robe              |    11 |    18 |    11 |       |    22 |    56 |    51 |    24 |       ||   193
         Steam dragon scal |       |       |     4 |    33 |       |       |       |       |       ||    37
         Leather armour    |       |       |       |     3 |     6 |       |       |       |       ||     9
         Acid dragon scale |       |       |       |       |       |       |       |       |    49 ||    49
  Dodge: Dodged            |    33 |    47 |    35 |    71 |    38 |    91 |    47 |    49 |    52 ||   463
  Block: Buckler           |       |       |       |       |       |    57 |     6 |       |       ||    63
         Kite shield       |       |       |       |       |       |       |    59 |    63 |    45 ||   167
         Reflection        |       |       |       |       |       |       |       |     6 |       ||     6

Table legend: (Time is in decaauts)
 A = Elapsed time spent in this place.
 B = Non-inter-level travel time spent in this place.
 C = Inter-level travel time spent in this place.
 D = Time resting spent in this place.
 E = Time spent auto-exploring this place.
 F = Levels seen in this place.
 G = Mean time per level.
                   A        B        C        D        E       F      G
               +--------+--------+--------+--------+--------+-----+--------+
         Total |  87786 |  80803 |   6983 |  24009 |  44530 |  60 | 1463.1 |
       Dungeon |  24100 |  21919 |   2181 |   6307 |  12385 |  15 | 1606.7 |
          Lair |   9509 |   8496 |   1013 |   3352 |   4295 |   5 | 1901.8 |
         Swamp |   5643 |   5483 |    160 |   2002 |   2756 |   4 | 1410.8 |
     Snake Pit |   7510 |   7122 |    388 |   2835 |   3303 |   4 | 1877.5 |
    Slime Pits |   2073 |   1922 |    151 |    604 |    969 |   5 |  414.6 |
  Orcish Mines |   3838 |   3512 |    326 |   2144 |    998 |   2 | 1919.0 |
   Elven Halls |   4959 |   4640 |    319 |   1062 |   2792 |   3 | 1653.0 |
        Vaults |   9932 |   9278 |    654 |   1819 |   6389 |   4 | 2483.0 |
         Crypt |   4029 |   3812 |    217 |    461 |   2686 |   3 | 1343.0 |
          Tomb |    414 |    397 |     17 |      0 |    278 |   1 |  414.0 |
        Depths |   5658 |   4877 |    781 |    937 |   2951 |   4 | 1414.5 |
          Hell |    397 |    369 |     28 |    202 |      5 |   1 |  397.0 |
           Zot |   6304 |   5561 |    743 |   1347 |   3099 |   5 | 1260.8 |
        Bazaar |    229 |    229 |      0 |      0 |    120 |   1 |  229.0 |
         Sewer |    277 |    277 |      0 |     33 |    138 |   1 |  277.0 |
        Bailey |    712 |    712 |      0 |    440 |     84 |   1 |  712.0 |
      Ice Cave |   2195 |   2195 |      0 |    464 |   1280 |   1 | 2195.0 |
               +--------+--------+--------+--------+--------+-----+--------+

Top non-repeatable levels by time:
    D:11: 3375 daAuts
    D:10: 3073 daAuts
Vaults:1: 2947 daAuts
Vaults:2: 2770 daAuts
  Lair:3: 2592 daAuts
  Lair:4: 2580 daAuts
Vaults:3: 2420 daAuts
   Orc:1: 2375 daAuts
 Snake:3: 2287 daAuts
   IceCv: 2195 daAuts
   Elf:3: 2149 daAuts
 Snake:4: 2147 daAuts
 Swamp:4: 2066 daAuts
    D:15: 2034 daAuts
    D:14: 2013 daAuts
